 Dungeon Crawl Stone Soup version 0.30-a0-587-gfd7c166f36 (webtiles) character file.

Game seed: 1562511490398579089

39 Citaku the Covered (level 3, -2/33 HPs)
             Began as a Minotaur Fighter on Jan 4, 2023.
             Slain by Crazy Yiuf
             ... wielding a +4 quarterstaff of chaos
              (15 damage)
             ... on level 2 of the Dungeon.
             The game lasted 00:01:39 (875 turns).

Citaku the Covered (Minotaur Fighter)                Turns: 875, Time: 00:01:40

Health: -2/33      AC:  8    Str: 22    XL:     3   Next: 28%
Magic:  2/2        EV:  9    Int:  5    God:
Gold:   59         SH:  4    Dex:  9    Spells: 2/2 levels left

rFire   . . .      SeeInvis .    a - +0 war axe
rCold   . . .      Faith    .    c - +0 buckler
rNeg    . . .      Spirit   .    b - +0 scale mail
rPois   .          Reflect  .    (helmet restricted)
rElec   .          Harm     .    (no cloak)
rCorr   .          Rampage  .    (no gloves)
Will    .....                    e - +0 pair of boots Stlth
                                 (no amulet)
HPRegen 0.25/turn                (no ring)
MPRegen 0.08/turn                (no ring)

@: no status effects
A: horns 2, retaliatory headbutt
a: no special abilities


You were on level 2 of the Dungeon.
You visited 1 branch of the dungeon, and saw 2 of its levels.

You collected 59 gold pieces.

Inventory:

Hand Weapons
 a - a +0 war axe (weapon)
Armour
 b - a +0 scale mail (worn)
 c - a +0 buckler (worn)
 e - a +0 pair of boots (worn)
Scrolls
 f - a scroll of enchant weapon {unknown}
 g - 2 scrolls of identify {unknown}
 h - a scroll of fog {unknown}
 i - a scroll of torment {unknown}
 j - a scroll of silence {unknown}
Potions
 d - a potion of might
 k - a potion of lignification {unknown}


   Skills:
 + Level 4.0 Fighting
 * Level 3.4 Axes
 * Level 4.4 Armour
 - Level 3.6 Shields


You had 2 spell levels left.
You didn't know any spells.
Your spell library contained the following spells:

 Spells                   Type           Power      Damage    Failure   Level
 Beastly Appendage        Tmut           0%         N/A       87%         1
 Wereblood                Tmut           0%         N/A       95%         2
 Spider Form              Tmut/Pois      0%         N/A       99%         3


Dungeon Overview and Level Annotations

Branches:
Dungeon (2/15)

Altars:

Annotations:
D:2 Crazy Yiuf


Innate Abilities, Weirdness & Mutations

You have a pair of horns on your head.
You reflexively headbutt those who attack you in melee.


Message History

You hit the fungus. You headbutt the fungus.
The fungus is lightly damaged.
You hit the fungus.
The fungus begins to die.
You hit the bush but do no damage. You hit the fungus.
The fungus is lightly damaged.
You slash the fungus! You hit the bush but do no damage.
A nearby fungus withers and dies.
A nearby fungus withers and dies.
Found a hammer.
Found a runed translucent door.
Crazy Yiuf shouts!
An adder comes into view.
The adder hisses angrily.
Found a scroll labelled UPNOPR GERIA and 15 gold pieces.
The adder attacks as you move away! The adder bites you but does no damage.
You block the adder's attack. You block the adder's attack.
The adder bites you but does no damage.
You slash the adder!
You kill the adder!
Your Fighting skill increases to level 4!
You see here an adder corpse.
You hit the bush.
You headbutt the bush, but do no damage.
The bush is lightly damaged.
You completely miss the fungus.
Crazy Yiuf shouts!
You open the door. You hit Crazy Yiuf.
Crazy Yiuf is lightly wounded.
Crazy Yiuf hits you with a +4 quarterstaff of chaos.
Crazy Yiuf freezes you. Crazy Yiuf completely misses you.
You closely miss Crazy Yiuf. You headbutt Crazy Yiuf.
Crazy Yiuf is lightly wounded.
Crazy Yiuf hits you with a +4 quarterstaff of chaos.
Crazy Yiuf burns you.
You hit Crazy Yiuf. Your headbutt misses Crazy Yiuf.
Crazy Yiuf is heavily wounded.
Crazy Yiuf hits you with a +4 quarterstaff of chaos!
You are electrocuted!
You die...

##...## ... #..... #.# #....
####.# # #.#.## #....#
#.##....## #.#).. #........#
♣♣♣♣♣### #(#... ####††<.# ###
♣♣♣.♣....###.#... #......###
#...#♣..♣......##.#...
#........#
#...g@♣♣♣♣PP....#.#...
#..#(##### #)..#♣♣
♣♣P....#.###. #..#.# ###
♣♣##...#.... #..#.# ####.####
#..#.## #.#
#..#..######################.#
............#.#.........#.##.#
##.##.#.#####.#.#######..###.#
#.##.#.# ###.#.#######.####.#


You could see Crazy Yiuf.

Vanquished Creatures
  2 adders (D:2)
  A dart slug (D:1)
  An endoplasm (D:1)
  A giant cockroach (D:1)
  A hobgoblin (D:1)
  A kobold (D:1)
  A quokka (D:1)
  4 bats
  3 frilled lizards (D:1)
  3 goblins (D:1)
  3 rats
21 creatures vanquished.

Vanquished Creatures (others)
  2 fungi (D:2)
2 creatures vanquished.

Grand Total: 23 creatures vanquished

Notes
Turn   | Place    | Note
-------+----------+-------------------------------------------
     0 | D:1      | Citaku the Minotaur Fighter began the quest for the Orb.
     0 | D:1      | Reached XP level 1. HP: 19/19 MP: 0/0
   285 | D:1      | Reached XP level 2. HP: 27/27 MP: 1/1
   711 | D:2      | Reached XP level 3. HP: 33/33 MP: 2/2
   813 | D:2      | Found a runed translucent door.
   814 | D:2      | Noticed Crazy Yiuf
   875 | D:2      | Slain by Crazy Yiuf

Illustrated notes

Levels and vault maps discovered:
D:1:      ncdulo_lavacross, layout_basic
D:2:      layout_loops_ring, serial_shops, shop, ebering_ecumenical_altar_box,
          uniq_crazy_yiuf_cottage, uniq_sigmund

Skill      XL: |  1  2  3 |
---------------+----------+-----
Axes           | 3 |  3.4
Armour         | 4 |  4.4
Fighting       | 4 |  4.0
Shields        | |  3.6

Action                   || total
-------------------------++-------
Melee: War axe           ||    55
       Headbutt          ||     7
Armor: Scale mail        ||    44
Dodge: Dodged            ||    47
Block: Buckler           ||    15

Table legend: (Time is in decaauts)
 A = Elapsed time spent in this place.
 B = Non-inter-level travel time spent in this place.
 C = Inter-level travel time spent in this place.
 D = Time resting spent in this place.
 E = Time spent auto-exploring this place.
 F = Levels seen in this place.
 G = Mean time per level.
                   A        B        C        D        E       F      G
               +--------+--------+--------+--------+--------+-----+--------+
         Total |    896 |    896 |      0 |      0 |    577 |   2 |  448.0 |
       Dungeon |    896 |    896 |      0 |      0 |    577 |   2 |  448.0 |
               +--------+--------+--------+--------+--------+-----+--------+

Top non-repeatable levels by time:
     D:1: 717 daAuts
     D:2: 179 daAuts
